 Dungeon Crawl Stone Soup version 0.32-a0-136-gc02482bde3 (webtiles) character file.

Game seed: 8956454977402498776

219 runemasterragnar the Ruffian (level 5, 0/41 HPs)
             Began as a Demonspawn Shapeshifter on Feb 11, 2024.
             Killed from afar by an orc wizard (11 damage)
             ... with a puff of flame
             ... on level 4 of the Dungeon.
             The game lasted 00:03:50 (3014 turns).

runemasterragnar the Ruffian (DsSh)                 Turns: 3014, Time: 00:03:50

Health: 0/41       AC:  5    Str: 14    XL:     5   Next: 64%
Magic:  5/5        EV: 11    Int: 13    God:
Gold:   154        SH:  0    Dex: 14    Spells: 4/4 levels left

rFire   . . .        q - +0 lajatang
rCold   . . .        (shield currently unavailable)
rNeg    . . .        j - +0 ring mail
rPois   .            (helmet currently unavailable)
rElec   .            (cloak currently unavailable)
rCorr   .            (gloves currently unavailable)
SInv    .            (boots currently unavailable)
Will    .....        (no amulet)
Stlth   ++           (no ring)
HPRegen 0.26/turn    (no ring)
MPRegen 0.09/turn

%: no passive effects
@: mighty, beast-form, weak-willed
A: beast (slay +2), thin skeletal structure 1, powered by pain 1
a: Begin Untransformation


You were on level 4 of the Dungeon.
You were a hulking beast.
You visited 1 branch of the dungeon, and saw 4 of its levels.

You collected 154 gold pieces.

Inventory:

Hand Weapons
 b - a +0 war axe
 q - a +0 lajatang (weapon)
Missiles
 g - a throwing net (quivered)
 p - 9 javelins
 r - 7 poisoned darts
Armour
 a - a +0 animal skin
 f - a +2 hat
 j - a +0 ring mail (worn)
Talismans
 c - a beast talisman (active)
 d - a flux talisman
Wands
 m - a wand of digging (8)
Scrolls
 e - 3 scrolls of enchant weapon {unknown}
 h - 3 scrolls of teleportation {unknown}
 i - 4 scrolls of identify
 l - a scroll of enchant armour {unknown}
 n - a scroll of fear {unknown}


   Skills:
 + Level 3.0 Fighting
 * Level 1.6 Staves
 - Level 1.7 Dodging
 + Level 3.8 Unarmed Combat
 + Level 3.6 Shapeshifting


You had 4 spell levels left.
You didn't know any spells.
Your spell library contained the following spells:

 Spells                   Type           Power      Damage    Failure   Level
 Call Imp                 Summ           0%         N/A       67%         2
 Sublimation of Blood     Necr           0%         N/A       67%         2
 Call Canine Familiar     Summ           0%         N/A       88%         3
 Dazzling Flash           Conj/Hex       0%         N/A       88%         3
 Mephitic Cloud           Conj/Alch/Air  0%         N/A       88%         3
 Sigil of Binding         Hex            0%         N/A       88%         3
 Dimensional Bullseye     Hex/Tloc       0%         N/A       99%         4
 Curse of Agony           Necr           0%         N/A       100%        5
 Silence                  Hex/Air        0%         N/A       100%        5
 Summon Hydra             Summ           0%         N/A       100%        7


Dungeon Overview and Level Annotations

Branches:
Dungeon (3/15)

Altars:
Yredelemnul


Innate Abilities, Weirdness & Mutations

You are a hulking beast.
Your limbs bulge with bestial killing power. (Slay +2)
You have a somewhat thin skeletal structure. (Dex +2, Stealth+)
You sometimes gain a little power by taking damage.


Message History

You feel very mighty all of a sudden. The orc priest closely misses you.
The orc barely misses you.
You slash the orc priest!
The orc priest is severely wounded.
The orc priest hits you with a +0 flail.
The orc misses you. The orc hits you with a +0 dagger.
The orc priest mumbles some strange prayers to Beogh against you.
Pain shoots through your body!
You slash the orc priest!
You kill the orc priest!
The orc hits you with a +0 dagger.
Your Fighting skill increases to level 3!
You barely miss the orc.
The orc wizard mumbles some strange words.
The orc wizard flickers and vanishes!
Deactivating autopickup; reactivate with Ctrl-A.
The orc closely misses you. The orc hits you with a +0 dagger.
A scorpion comes into view.
You slash the orc!
You kill the orc!
You hear some strange, mumbled words.
A puff of flame appears from out of thin air!
The puff of flame misses you. The orc hits you with a +0 dagger.
You barely miss the orc.
The orc is almost dead.
You hear some strange, mumbled words.
A puff of flame appears from out of thin air!
The puff of flame hits you!
* * * LOW HITPOINT WARNING * * *
The orc hits you but does no damage. The orc closely misses you.
You aren't carrying any potions.
You aren't carrying any potions.
As you read the scroll labelled TYSTUPP BUOCHE, it crumbles to dust.
A wave of despondency washes over your surroundings.
It was a scroll of vulnerability.
Something hits you but does no damage.
You closely miss the scorpion.
You hear some strange, mumbled words.
A puff of flame appears from out of thin air!
The puff of flame hits you!
You die...

#.. ##.. ## ####... #.
#...... #. #.##.#. ###.
#######[##.#. #..
.........#... ###.###{#
#######..###.
.....osh###### #..###.
.#)..##......# #......
#...##.####.# ##.#### #
#....#.####.######.## #.
#.......##.#.......#
##.###..#.#.##.#.##.##.#
...............#.##.##.#
####.##.#......#.##....#
###.##.#.....##.####..#


You could see a scorpion (weak-willed) and an orc (weak-willed).

Vanquished Creatures
  A bombardier beetle (D:4)
  2 orc priests
  An orc wizard (D:3)
  4 adders
  3 dart slugs
  A ribbon worm (D:2)
  4 orcs
  6 ball pythons
  7 bats
  2 endoplasms
  3 giant cockroaches
  5 goblins
  5 hobgoblins
  4 jackals (D:2)
  5 quokkas
  3 frilled lizards
  12 kobolds
  4 rats (D:1)
72 creatures vanquished.

Notes
Turn   | Place    | Note
-------+----------+-------------------------------------------
     0 | D:1      | runemasterragnar the Demonspawn Shapeshifter began the
                  | quest for the Orb.
     0 | D:1      | Reached XP level 1. HP: 15/15 MP: 1/1
   179 | D:1      | Gained mutation: You have a somewhat thin skeletal
                  | structure. (Dex +2, Stealth+) [demonic ancestry]
   179 | D:1      | Reached XP level 2. HP: 12/21 MP: 2/2
  1059 | D:2      | Gained mutation: You sometimes gain a little power by
                  | taking damage. [demonic ancestry]
  1059 | D:2      | Reached XP level 3. HP: 16/27 MP: 3/3
  1890 | D:2      | Reached XP level 4. HP: 34/34 MP: 4/4
  2536 | D:3      | Found a basalt altar of Yredelemnul.
  2623 | D:3      | Reached XP level 5. HP: 37/39 MP: 5/5
  2879 | D:3      | You fall into a shaft and drop 1 floor!
  2918 | D:4      | Reached skill level 1 in Staves
  3014 | D:4      | Killed from afar by an orc wizard

Illustrated notes

Levels and vault maps discovered:
D:1:      nicolae_arrival_memento_mori, layout_basic, roderic_nine_men_s_morris,
          minmay_stone_trees_small
D:2:      layout_loops_ring, serial_park_tiny_1, serial_bayou_pond_d,
          grunt_ministairs_7
D:3:      layout_basic, general_overflow_altar, kennysheep_cross_bottleneck
D:4:      layout_loops_cross

Skill      XL: |  1  2  3  4  5 |
---------------+----------------+-----
Unarmed Combat | 3 |  3.8
Shapeshifting  | 3 |  3.6
Fighting       | 2 3 |  3.0
Staves         | 1 |  1.6
Dodging        | |  1.7

Action                     |  1- 3 |  4- 6 || total
---------------------------+-------+-------++-------
  Melee: Unarmed           |   116 |    69 ||   185
         Punch             |     3 |     2 ||     5
         Lajatang          |       |    40 ||    40
    Use: Potion            |     1 |     2 ||     3
         Scroll            |       |     2 ||     2
   Stab: Sleeping          |     3 |     2 ||     5
 Armour: Animal skin       |    29 |       ||    29
         Skin              |    11 |     9 ||    20
         Ring mail         |    15 |    57 ||    72
  Dodge: Dodged            |    71 |    73 ||   144
   Form: Flux              |     1 |       ||     1
         Beast             |     1 |       ||     1

Table legend: (Time is in decaauts)
 A = Elapsed time spent in this place.
 B = Non-inter-level travel time spent in this place.
 C = Inter-level travel time spent in this place.
 D = Time resting spent in this place.
 E = Time spent auto-exploring this place.
 F = Levels seen in this place.
 G = Mean time per level.
                   A        B        C        D        E       F      G
               +--------+--------+--------+--------+--------+-----+--------+
         Total |   3019 |   2911 |    108 |    477 |   1894 |   4 |  754.8 |
       Dungeon |   3019 |   2911 |    108 |    477 |   1894 |   4 |  754.8 |
               +--------+--------+--------+--------+--------+-----+--------+

Top non-repeatable levels by time:
     D:1: 1017 daAuts
     D:2: 995 daAuts
     D:3: 865 daAuts
     D:4: 141 daAuts
